 Dungeon Sprint DCSS version 0.20-a0-1018-ge435b50 (webtiles) character file.

6617 Krakonus1 the Spear-Bearer (level 11, -2/77 HPs)
             Began as an Octopode Gladiator on Apr 16, 2017.
             Was the Champion of Cheibriados.
             Killed by the air
             ... invoked by a wind drake
              (12 damage)
             ... in the Dungeon (Sprint V: "Ziggurat Sprint").
             The game lasted 00:26:27 (620 turns).

Krakonus1 the Spear-Bearer (Octopode Gladiator)      Turns: 620, Time: 00:26:30

Health: -2/77      AC:  1    Str: 39    XL:     11   Next: 2%
Magic:  11/16      EV: 27    Int: 26    God:    Cheibriados [******]
Gold:   0          SH: 36    Dex: 47    Spells: 10/10 levels left

rFire    + . .     SeeInvis +   G - +9 demon trident (venom)
rCold    + + +     Gourm    .   V - +18 shield of the Gong {rElec rN+ MR+ EV-5}
rNeg     + + .     Faith    .   b - +0 hat
rPois    +         Spirit   .   X - macabre finger necklace {rN+}
rElec    +         Reflect  .   I - +6 ring of dexterity
rCorr    +         Harm     .   J - +6 ring of dexterity
MR       +++..     NoTele   +   C - ring of protection from magic
Stlth    ++++++++..             m - +2 ring of evasion
Regen    0.3/turn               M - +6 ring of strength
MPRegen  0.2/turn               N - +6 ring of strength
                                a - ring of protection from magic
                                w - ring of Toalloce {rElec rPois rC++ Str-2 Dex+4}
                                E - ring of see invisible

@: resistant, very slightly contaminated, very slow
A: almost no armour, stealthy swim, amphibious, 8 rings, constrict 8, camouflage
1, gelatinous body 1
a: Bend Time, Temporal Distortion, Slouch, Step From Time, Renounce Religion


You were in the Dungeon.
You worshipped Cheibriados.
Cheibriados was exalted by your worship.
You were not hungry.

You visited 1 branch

Inventory:

Hand Weapons
 G - a +9 demon trident of venom (weapon)
Missiles
 c - 3 throwing nets (quivered)
Armour
 b - a +0 hat (worn)
 V - the +18 shield of the Gong (worn) {rElec rN+ MR+ EV-5}
   (You found it in the Dungeon)

   It affects your evasion (-5).
   It insulates you from electricity.
   It protects you from negative energy.
   It affects your resistance to hostile enchantments.
Jewellery
 a - a ring of protection from magic (on tentacle)
 g - an uncursed amulet of faith
 l - an uncursed ring of magical power
 m - a +2 ring of evasion (on tentacle)
 w - the ring of Toalloce (on tentacle) {rElec rPois rC++ Str-2 Dex+4}
   (You took it off an iron imp in the Dungeon)

   [ring of poison resistance]

   It affects your strength (-2).
   It affects your dexterity (+4).
   It greatly protects you from cold.
   It insulates you from electricity.
   It protects you from poison.
 C - a ring of protection from magic (on tentacle)
 D - an uncursed amulet of harm
 E - a ring of see invisible (on amulet)
 F - an uncursed ring of fire
 I - a +6 ring of dexterity (left tentacle)
 J - a +6 ring of dexterity (right tentacle)
 K - a +6 ring of intelligence
 L - a +6 ring of intelligence
 M - a +6 ring of strength (on tentacle)
 N - a +6 ring of strength (on tentacle)
 U - an uncursed ring of flight
 W - a +3 ring of dexterity
 X - the macabre finger necklace (around mantle) {rN+}
   (You found it in the Dungeon)

   [amulet of nothing]

   It protects you from negative energy.
Wands
 O - a wand of disintegration (7/24)
 P - a wand of iceblast (5/15)
 Q - a wand of lightning (5/15)
 R - a wand of acid (5/15)
Scrolls
 j - 3 scrolls of blinking
 q - 2 scrolls of brand weapon
 t - 4 scrolls of amnesia
 u - 3 scrolls of recharging
 v - 7 scrolls of fog
 x - 5 scrolls of identify
 y - 5 scrolls of remove curse
 z - 2 scrolls of fear
Potions
 e - 10 potions of curing
 f - 10 potions of heal wounds
 h - 7 potions of magic
 n - 2 potions of brilliance
 o - 2 potions of invisibility
 p - 2 potions of resistance
 r - 6 potions of agility
 s - 3 potions of might
Miscellaneous
 k - a lightning rod (4/4)
 H - a lightning rod (4/4)
 S - a fan of gales
 T - a crystal ball of energy
 Y - 3 sacks of spiders
Comestibles
 d - 5 bread rations
 A - 42 fruits
 B - 4 meat rations
 Z - 30 chunks of flesh


   Skills:
 * Level 8.2 Fighting
 * Level 14.7 Polearms
 - Level 2.0 Throwing
 * Level 11.5 Dodging
 * Level 11.3 Stealth
 * Level 12.4 Shields
 * Level 7.7 Invocations


You had 10 spell levels left.
You didn't know any spells.

Dungeon Overview and Level Annotations

Branches:
Dungeon (1/1)

Altars:
Ashenzari
Cheibriados
Dithmenos
Elyvilon
Fedhas
Gozag
Hepliaklqana
Kikubaaqudgha
Makhleb
Nemelex Xobeh
Okawaru
Qazlal
Ru
Sif Muna
Trog
Uskayaw
Vehumet
Wu Jian
Xom
Yredelemnul
Zin
The Shining One
Beogh
Jiyva
Lugonu


Innate Abilities, Weirdness & Mutations

You cannot wear most types of armour.
You are very stealthy in the water. (Stealth+)
You are amphibious.
You can wear up to eight rings at the same time.
You can use your tentacles to constrict eight enemies at once.
Your skin changes colour to match your surroundings (Stealth+).
Your rubbery body absorbs attacks. (AC +1, EV +1)


Message History

Okay, then.
You can feel time thicken for a moment.
You destroy the insubstantial wisp!
Cheibriados appreciates the change of pace.
You feel somewhat more hungry. You block the storm dragon's attack.
PTOANNNG!
The storm dragon misses you. You block the storm dragon's attack.
PTOANNNG!
The storm dragon breathes lightning at you.
The bolt of lightning misses you.
Okay, then.
Blink to where?
Press: ? - help, Dir - move target cursor You are very lightly contaminated with residual magic.
As you read the scroll of blinking, it crumbles to dust.
The storm dragon breathes lightning at you.
The bolt of lightning misses you. The wind drake flaps its wings at you.
The air twists around and strikes you!
You die...

▓.....(...▓.......▓
▓....)(...▓.......▓
▓.........▓.......▓
▓...))....▓.......▓
▓.........▓.▓...▓.▓
▓...(.....▓.......▓
▓▓▓▓▓▓▓▓▓▓▓▓▓▓▓▓▓▓▓
..8©8...▓...8©8...▓
▓..)=%[).@▓..))[[...▓
▓..|.k}|..▓...)[.)..▓
▓.D..iD...▓....!....▓
▓.........▓.........▓
▓.D.k.....▓....÷÷...▓
▓....k....▓.........▓
▓...DD....▓.▓.÷...▓.▓
▓....§....▓.........▓
▓.........▓▓▓▓▓▓▓▓▓▓▓


You could see 5 storm dragons, 3 wind drakes and a spriggan air mage.

Vanquished Creatures
  3 dancing weapons (D)
  A deep elf archer (D)
  2 deep elf magi (D)
  A spiny frog (D)
  A komodo dragon (D)
  A slime creature (D)
  Sigmund (D)
  A yak (D)
  A fire elemental (D)
  A golden eye (D)
  An insubstantial wisp (D)
  A floating eye (D)
  A hell hound (D)
  A porcupine (D)
  An eye of draining (D)
  4 necrophages (D)
  3 wolves (D)
  A crocodile (D)
  Blork the orc (D)
  A bullfrog (D)
  A wight (D)
  A quasit (D)
  2 jellies (D)
  Crazy Yiuf (D)
  3 orc priests (D)
  7 orc wizards (D)
  An iron imp (D)
  Jessica (D)
  An iguana (D)
  2 oozes (D)
  An orc (D)
  3 jackals (D)
  A ball python zombie (D)
  A leopard gecko skeleton (D)
54 creatures vanquished.

Vanquished Creatures (others)
  A deep elf mage (D)
1 creature vanquished.

Grand Total: 55 creatures vanquished

Notes
Turn   | Place    | Note
-------+----------+-------------------------------------------
     0 | D        | Krakonus1 the Octopode Gladiator began the quest for the Orb.
     0 | D        | Reached XP level 1. HP: 14/14 MP: 1/1
     2 | D        | Found a blossoming altar of Fedhas.
     6 | D        | Found a deep blue altar of Sif Muna.
     6 | D        | Found a sacrificial altar of Ru.
     6 | D        | Found a bloodstained altar of Trog.
     6 | D        | Found a stormy altar of Qazlal.
     6 | D        | Found an iron altar of Okawaru.
     6 | D        | Found a sparkling altar of Nemelex Xobeh.
     8 | D        | Found an ancient bone altar of Kikubaaqudgha.
     8 | D        | Found a viscous altar of Jiyva.
     8 | D        | Found a corrupted altar of Lugonu.
     8 | D        | Found a hazy altar of Hepliaklqana.
     8 | D        | Found a burning altar of Makhleb.
     8 | D        | Found an opulent altar of Gozag.
    67 | D        | Reached XP level 2. HP: 19/19 MP: 2/2
    82 | D        | Became a worshipper of Cheibriados the Contemplative
    89 | D        | Entered arena 1.
    89 | D        | Noticed a floating eye
    89 | D        | Noticed a golden eye
    92 | D        | Killed a floating eye
    92 | D        | Reached skill level 5 in Polearms
    92 | D        | Reached skill level 5 in Dodging
    92 | D        | Reached XP level 3. HP: 25/25 MP: 3/3
    92 | D        | Reached XP level 4. HP: 30/30 MP: 4/4
    94 | D        | Killed a golden eye
    94 | D        | Reached skill level 6 in Polearms
    94 | D        | Reached XP level 5. HP: 36/36 MP: 5/5
    94 | D        | Reached XP level 6. HP: 42/42 MP: 6/6
   107 | D        | Entered arena 2.
   107 | D        | Noticed a hell hound
   108 | D        | Reached * piety under Cheibriados
   108 | D        | Reached skill level 7 in Polearms
   108 | D        | Reached skill level 5 in Stealth
   110 | D        | Killed a hell hound
   110 | D        | Reached ** piety under Cheibriados
   110 | D        | Reached skill level 8 in Polearms
   117 | D        | Got the ring of Toalloce {rElec rPois rC++ Str-2 Dex+4}
   125 | D        | Entered arena 3.
   125 | D        | Noticed Sigmund
   125 | D        | Noticed Jessica
   125 | D        | Noticed Blork the orc
   125 | D        | Noticed Crazy Yiuf
   130 | D        | Killed Crazy Yiuf
   133 | D        | Killed Sigmund
   133 | D        | Reached skill level 1 in Invocations
   133 | D        | Reached XP level 7. HP: 49/49 MP: 6/8
   135 | D        | Killed Blork the orc
   135 | D        | Reached *** piety under Cheibriados
   135 | D        | Reached skill level 9 in Polearms
   136 | D        | Killed Jessica
   178 | D        | Entered arena 4.
   182 | D        | Reached **** piety under Cheibriados
   185 | D        | Reached XP level 8. HP: 27/54 MP: 8/10
   328 | D        | Entered arena 5.
   330 | D        | Reached skill level 5 in Fighting
   332 | D        | Reached ***** piety under Cheibriados
   364 | D        | Entered arena 6.
   369 | D        | Reached ****** piety under Cheibriados
   369 | D        | Reached skill level 10 in Polearms
   402 | D        | Entered arena 7.
   402 | D        | Noticed a slime creature
   408 | D        | Killed a slime creature
   408 | D        | Reached skill level 10 in Dodging
   438 | D        | Entered arena 8.
   443 | D        | Reached skill level 11 in Polearms
   445 | D        | Reached XP level 9. HP: 62/62 MP: 7/12
   469 | D        | Entered arena 9.
   469 | D        | Noticed a deep elf mage
   469 | D        | Noticed a deep elf mage
   469 | D        | Noticed a mace of protection
   469 | D        | Noticed a deep elf archer
   469 | D        | Noticed a deep elf mage
   469 | D        | Noticed a battleaxe of venom
   469 | D        | Noticed a flail of venom
   474 | D        | Killed a flail of venom
   474 | D        | Reached skill level 12 in Polearms
   474 | D        | Reached skill level 10 in Shields
   474 | D        | Reached skill level 5 in Invocations
   474 | D        | Killed a mace of protection
   478 | D        | Killed a deep elf mage
   478 | D        | Reached skill level 13 in Polearms
   478 | D        | Reached skill level 10 in Stealth
   478 | D        | Reached XP level 10. HP: 60/71 MP: 7/14
   480 | D        | Noticed a smoke demon
   480 | D        | Killed a deep elf mage
   481 | D        | Killed a deep elf mage
   482 | D        | Killed a battleaxe of venom
   482 | D        | Reached skill level 14 in Polearms
   488 | D        | Killed a deep elf archer
   524 | D        | Entered arena 10.
   524 | D        | Noticed a spiny frog
   532 | D        | Killed a spiny frog
   541 | D        | Reached XP level 11. HP: 56/77 MP: 16/16
   615 | D        | Entered arena 11.
   615 | D        | Noticed a storm dragon
   615 | D        | Noticed a storm dragon
   615 | D        | Noticed a spriggan air mage
   615 | D        | Noticed a storm dragon
   616 | D        | Noticed a storm dragon
   616 | D        | Noticed a storm dragon
   620 | D        | Killed from afar by a wind drake

Vault maps used:
D:        sprint_v

Skill      XL: |  1  2  3  4  5  6  7  8  9 10 |
---------------+-------------------------------+-----
Shields        | 7 8 9 11 12 | 12.4
Polearms       | 5 6 8 9 11 13 14 | 14.7
Dodging        | 5 6 8 9 10 11 | 11.5
Stealth        | 3 4 6 7 8 10 11 | 11.3
Fighting       | 3 4 5 7 8 |  8.2
Invocations    | 1 3 4 6 7 |  7.7
Throwing       | |  2.0

Action                   |  1- 3 |  4- 6 |  7- 9 | 10-12 || total
-------------------------+-------+-------+-------+-------++-------
Melee: Demon trident     |     2 |     8 |    48 |    24 ||    82
       Tentacles         |     1 |     1 |    12 |     6 ||    20
       Constrict         |     1 |       |    10 |     4 ||    15
Invok: Slouch            |       |       |     1 |     1 ||     2
  Use: Potion            |     1 |     1 |     2 |     1 ||     5
       Scroll            |       |     3 |     4 |     1 ||     8
 Stab: Sleeping          |     1 |     1 |       |       ||     2
Dodge: Dodged            |       |       |     6 |    16 ||    22
Block: Shield            |       |     5 |    42 |    33 ||    80
